 Dungeon Crawl Stone Soup version 0.20-a0-454-g2b43fbb (webtiles) character file.

72557 Duffy the Eclecticist (level 15, 0/92 HPs)
             Began as a Deep Elf Conjurer on Jan 9, 2017.
             Was a High Priest of Vehumet.
             Shot with an arrow by a centaur warrior (29 damage)
             ... on level 10 of the Dungeon.
             The game lasted 00:47:37 (30121 turns).

Duffy the Eclecticist (Deep Elf Conjurer)          Turns: 30121, Time: 00:47:38

Health: 0/92       AC: 12    Str:  5    XL:     15   Next: 1%
Magic:  29/52      EV: 18    Int: 29    God:    Vehumet [*****.]
Gold:   1850       SH:  6    Dex: 17    Spells: 18/46 levels left

rFire  . . .     SeeInvis .     Q - staff of power {!a}
rCold  . . .     Gourm    +     f - +3 leather armour {MR+}
rNeg   . . .     Faith    .     T - +0 buckler
rPois  .         Spirit   .     O - +0 helmet
rElec  .         Reflect  .     (no cloak)
rCorr  .         Harm     .     w - +0 pair of gloves
MR     ++...     Clarity  +     s - +0 pair of boots
Stlth  +++.......               N - amulet of the gourmand
                                h - +2 ring of intelligence
                                R - +3 ring of protection

@: no status effects
A: thin skeletal structure 1, clarity
a: Renounce Religion


You were on level 10 of the Dungeon.
You worshipped Vehumet.
Vehumet was extremely pleased with you.
You were completely stuffed.

You visited 4 branches of the dungeon, and saw 19 of its levels.
You also visited: Ossuary.

You collected 2466 gold pieces.
You spent 616 gold pieces at shops.

Inventory:

Hand Weapons
 E - the +4 rapier "Quipt" {holy, rElec rC+ Stlth-}
   (You found it on level 1 of the Lair of Beasts)

   It has been blessed by the Shining One to cause great damage to the undead
   and demons.
   It protects you from cold.
   It insulates you from electricity.
   It makes you less stealthy.
Missiles
 L - 2 throwing nets (quivered)
Armour
 f - a +3 leather armour of magic resistance (worn)
 s - a +0 pair of boots (worn)
 w - a +0 pair of gloves (worn)
 O - a +0 helmet (worn)
 T - a +0 buckler (worn)
Magical Staves
 D - an uncursed staff of energy
 Q - an uncursed staff of power (weapon) {!a}
Jewellery
 d - an uncursed ring of ice
 h - a +2 ring of intelligence (right hand)
 i - a +4 amulet of reflection
 N - an amulet of the gourmand (around neck)
 R - a +3 ring of protection (left hand)
Wands
 p - a wand of scattershot (0/9)
 u - a wand of acid (8/15)
 A - a wand of lightning (9/15)
 I - a wand of iceblast (12/15)
 V - a wand of digging (15/24)
 W - a wand of disintegration (7/24)
 Z - a wand of confusion (19/48)
Scrolls
 b - a scroll of immolation {unknown}
 g - 4 scrolls of fog
 k - 4 scrolls of enchant weapon {unknown}
 l - 5 scrolls of recharging
 m - 8 scrolls of teleportation
 n - 2 scrolls of vulnerability {unknown}
 q - 3 scrolls of amnesia {unknown}
 t - 2 scrolls of magic mapping
 y - 8 scrolls of remove curse
 F - 2 scrolls of blinking
 G - 2 scrolls of noise {unknown}
 X - a scroll of fear
Potions
 a - a potion of invisibility
 e - 8 potions of curing
 j - 2 potions of haste
 o - 8 potions of agility
 x - 5 potions of flight
 z - 3 potions of brilliance
 B - 2 potions of ambrosia
 H - 2 potions of heal wounds
 S - 4 potions of resistance
 U - a potion of cancellation
Miscellaneous
 M - a fan of gales
Comestibles
 c - 9 bread rations
 r - 9 fruits
 v - 3 slices of pizza
 C - 9 meat rations
 J - 3 beef jerkies
 K - 6 chunks of flesh
 Y - 9 royal jellies


   Skills:
 - Level 10.0 Fighting
 - Level 10.8 Dodging
 - Level 2.4 Stealth
 - Level 5.0 Shields
 + Level 16.1 Spellcasting
 + Level 15.4 Conjurations
 - Level 4.5 Charms
 - Level 7.0 Fire Magic
 - Level 9.0 Poison Magic


You had 18 spell levels left.
You knew the following spells:

 Your Spells              Type           Power        Failure   Level  Hunger
a - Magic Dart            Conj           ####         0%          1    None
h - Iskenderun's Mystic   Conj           #######.     1%          4    None
i - Iskenderun's Battles  Conj/Chrm      ######..     1%          5    None
j - Bolt of Magma         Conj/Fire/Erth ######....   1%          5    None
k - Fireball              Conj/Fire      ######....   1%          5    None
l - Poison Arrow          Conj/Pois      #######...   1%          6    ###....
s - Searing Ray           Conj           ######       0%          2    None


Dungeon Overview and Level Annotations

Branches:
Dungeon (10/15)            Temple (1/1) D:6            Lair (6/6) D:8
  Swamp (0/4) Lair:2        Snake (0/4) Lair:4        Slime (0/5) Lair:5
    Orc (2/2) D:9             Elf (0/3) Orc:2

Altars:
Ashenzari
Cheibriados
Dithmenos
Elyvilon
Fedhas
Gozag
Hepliaklqana
Kikubaaqudgha
Makhleb
Nemelex Xobeh
Okawaru
Qazlal
Ru
Sif Muna
Trog
Uskayaw
Vehumet
Xom
Yredelemnul
Zin
The Shining One
Beogh
Jiyva

Shops:
D:5 :   D:8 :   Orc:2 [([(


Innate Abilities, Weirdness & Mutations

You have a somewhat thin skeletal structure. (Dex +2, Stealth)
You possess an exceptional clarity of mind.


Message History

Aiming: Fireball
Press: ? - help, Shift-Dir - straight line, f - you The fireball explodes!
The fireball engulfs the centaur warrior.
The centaur warrior is heavily wounded.
The centaur warrior shoots an arrow.
The arrow closely misses you.
Casting: Fireball
Confirm with . or Enter, or press ? or * to list all spells.
Aiming: Fireball
Press: ? - help, Shift-Dir - straight line, f - you
Okay, then.
Casting: Fireball
Confirm with . or Enter, or press ? or * to list all spells.
Aiming: Poison Arrow
Press: ? - help, Shift-Dir - straight line, f - centaur warrior
Aim: a centaur warrior, wielding a shortbow (heavily wounded)
The poison arrow misses the centaur warrior.
The centaur warrior shoots an arrow.
The arrow hits you!
The centaur warrior shoots an arrow.
The arrow hits you!!
You die...

#....# #.. #....##.c.
##. #(...##... #.
#....##..# #### #.
#....##..# .... #.
#.#####..#...... #. #.#
#..#..($?. #.
#.#####.....$|$. ##
#....##@.#..!$(. ##
#....##..#...... #.
#....##..#...... #.
#....##..#########. #.
#....##......%..... ##.
#....##<........Y.. #'.
#....############## ##.
#....############## ##
#.................######


You could see a centaur warrior.

Vanquished Creatures
  3 orc warlords
  Fannar (Lair:3)
  Josephine (Orc:2)
  4 hydras
  2 catoblepae
  The ghost of tsouns the Thaumaturge, a journeyman FeFE of Qazlal (Lair:6)
  4 two-headed ogres
  The ghost of nht the Severer, a journeyman BaBe of Trog (D:10)
  12 death yaks
  A deep troll shaman (Lair:6)
  5 orc high priests (Orc:2)
  A lindwurm (Lair:6)
  8 orc knights
  6 orc sorcerers
  2 oklob plants (Lair:4)
  The ghost of nht the Cleaver, a novice BaBe of Trog (D:5)
  12 elephants
  Joseph (D:7)
  6 black mambas
  10 spiny frogs
  A gargoyle (D:10)
  3 rime drakes
  3 komodo dragons
  A hornet (D:10)
  6 trolls
  3 polar bears
  The ghost of nht the Chopper, an amateur BaBe of Trog (D:4)
  5 blink frogs
  9 hippogriffs
  5 dream sheep
  A shadow (D:10)
  22 yaks
  6 wraiths
  A wyvern (Lair:3)
  A basilisk (Lair:5)
  A hungry ghost (D:7)
  Edmund (D:4)
  4 nagas (Lair:4)
  11 wargs
  Duvessa (D:4)
  2 soldier ants (D:10)
  13 water moccasins
  12 porcupines
  48 orc warriors
  2 black bears
  A necrophage (D:7)
  4 phantoms
  4 sky beasts
  17 ogres
  19 wolves
  The ghost of nht the Chopper, an amateur BaBe of Trog (D:3)
  4 centaurs
  18 crocodiles
  2 big kobolds
  19 bullfrogs
  A wyvern zombie (D:7)
  Dowan (D:4)
  5 water moccasin zombies (Ossuary)
  A scorpion (D:6)
  A vampire bat (D:5)
  5 wights
  A howler monkey (D:9)
  An electric eel (Lair:3)
  3 crimson imps
  9 hounds
  A bullfrog zombie (D:8)
  A centaur skeleton (D:10)
  35 orc priests
  An iguana (D:5)
  A bullfrog skeleton (D:7)
  12 worker ants
  Ijyb (D:2)
  30 orc wizards
  A big kobold zombie (Ossuary)
  2 hound zombies (D:9)
  A hound skeleton (D:8)
  2 mummies (Ossuary)
  A howler monkey zombie (D:9)
  11 gnolls
  9 adders
  4 shadow imps
  2 adder skeletons
  7 adder zombies (Ossuary)
  3 worms
  2 dart slugs
  6 leopard geckos
  123 orcs
  3 bat skeletons (D:5)
  2 bat zombies (D:5)
  2 giant cockroaches
  A gnoll zombie (Ossuary)
  5 hobgoblins
  9 jackals
  3 quokkas
  3 ball pythons
  5 bats
  3 frilled lizards
  4 goblins
  10 hobgoblin zombies (Ossuary)
  2 jackal skeletons
  19 kobolds
  4 kobold zombies (Ossuary)
  A leopard gecko skeleton (D:5)
  A leopard gecko zombie (D:5)
  5 orc zombies (Ossuary)
  A quokka skeleton (D:6)
  11 rats
  A plant (Lair:6)
713 creatures vanquished.

Vanquished Creatures (others)
  5 dream sheep (Lair:1)
  11 fungi
  11 plants
27 creatures vanquished.

Grand Total: 740 creatures vanquished

Notes
Turn   | Place    | Note
-------+----------+-------------------------------------------
     0 | D:1      | Duffy the Deep Elf Conjurer began the quest for the Orb.
     0 | D:1      | Reached XP level 1. HP: 10/10 MP: 6/6
   440 | D:1      | Reached XP level 2. HP: 15/15 MP: 5/8
   512 | D:1      | Learned a level 2 spell: Searing Ray
  1226 | D:2      | Reached skill level 4 in Spellcasting
  1346 | D:2      | Noticed Ijyb
  1368 | D:2      | Killed Ijyb
  1368 | D:2      | Reached skill level 5 in Conjurations
  1368 | D:2      | Reached XP level 3. HP: 17/19 MP: 5/10
  1733 | D:3      | Reached XP level 4. HP: 24/24 MP: 8/12
  1799 | D:3      | Learned a level 4 spell: Iskenderun's Mystic Blast
  2086 | D:3      | Noticed nht's ghost (amateur BaBe)
  2123 | D:3      | Killed nht's ghost
  2123 | D:3      | Reached skill level 5 in Spellcasting
  2123 | D:3      | Reached XP level 5. HP: 28/28 MP: 6/15
  2235 | D:3      | Learned a level 5 spell: Iskenderun's Battlesphere
  2236 | D:3      | Found an iron altar of Okawaru.
  2552 | D:3      | Reached skill level 1 in Charms
  2639 | D:3      | Found a shimmering altar of Xom.
  2773 | D:4      | Found an opulent altar of Gozag.
  2777 | D:4      | Found a deep blue altar of Sif Muna.
  2867 | D:4      | Noticed nht's ghost (amateur BaBe)
  2895 | D:4      | Killed nht's ghost
  2895 | D:4      | Reached skill level 6 in Spellcasting
  2895 | D:4      | Reached XP level 6. HP: 32/32 MP: 3/17
  3476 | D:4      | Noticed Edmund
  3521 | D:4      | Killed Edmund
  3521 | D:4      | Reached skill level 7 in Spellcasting
  3521 | D:4      | Reached XP level 7. HP: 36/36 MP: 2/19
  3698 | D:4      | Noticed Duvessa
  3700 | D:4      | Noticed Dowan
  3724 | D:4      | Killed Duvessa
  3729 | D:4      | Killed Dowan
  3944 | D:4      | Reached skill level 8 in Spellcasting
  4186 | D:5      | Entered Level 5 of the Dungeon
  4221 | D:5      | Found Nuxaer's Book Shop.
  4640 | D:5      | Found an ancient bone altar of Kikubaaqudgha.
  4661 | D:5      | Reached XP level 8. HP: 40/41 MP: 8/22
  4836 | D:5      | Noticed nht's ghost (novice BaBe)
  4842 | D:5      | Killed nht's ghost
  4842 | D:5      | Reached skill level 9 in Spellcasting
  5384 | D:5      | Reached skill level 10 in Spellcasting
  5628 | D:5      | Gained mutation: You possess an exceptional clarity of mind. [mutagenic meat]
  5629 | D:5      | Gained mutation: You have a somewhat thin skeletal structure. (Dex +2, Stealth) [mutagenic meat]
  5652 | D:5      | Reached skill level 10 in Conjurations
  6262 | D:6      | Reached XP level 9. HP: 45/45 MP: 16/25
  6469 | D:6      | Found a staircase to the Ecumenical Temple.
  6481 | Temple   | Entered the Ecumenical Temple
  6599 | Temple   | Became a worshipper of Vehumet
  7772 | D:6      | Reached skill level 1 in Fighting
  8019 | D:7      | Reached * piety under Vehumet
  8019 | D:7      | Offered knowledge of Sting by Vehumet.
  8728 | D:7      | Reached skill level 5 in Dodging
  8832 | D:7      | Noticed Joseph
  8865 | D:7      | Killed Joseph
  9299 | D:7      | Found a deep blue altar of Sif Muna.
  9302 | D:7      | Reached XP level 10. HP: 56/56 MP: 14/26
  9307 | D:7      | Reached ** piety under Vehumet
  9307 | D:7      | Offered knowledge of Sandblast by Vehumet.
 10129 | D:8      | Found a shimmering altar of Xom.
 10149 | D:8      | Found an iron altar of Okawaru.
 10190 | D:8      | Found Quss's Book Boutique.
 10297 | D:8      | Reached skill level 5 in Fighting
 10343 | D:8      | Offered knowledge of Mephitic Cloud by Vehumet.
 10352 | D:8      | Found a sand-covered staircase.
 10430 | Ossuary  | Entered an ossuary
 10483 | Ossuary  | Reached *** piety under Vehumet
 10742 | Ossuary  | Offered knowledge of Olgreb's Toxic Radiance by Vehumet.
 11142 | D:8      | Found a staircase to the Lair.
 11769 | D:9      | Reached **** piety under Vehumet
 11900 | D:9      | Offered knowledge of Airstrike by Vehumet.
 12076 | D:9      | Noticed a two-headed ogre
 12078 | D:9      | Killed a two-headed ogre
 12422 | D:9      | Found a roughly hewn altar of Beogh.
 12422 | D:9      | Found a staircase to the Orcish Mines.
 13053 | D:9      | Reached skill level 10 in Dodging
 13123 | D:10     | Entered Level 10 of the Dungeon
 13317 | D:10     | Noticed a gargoyle
 13321 | D:10     | Killed a gargoyle
 13321 | D:10     | Reached XP level 11. HP: 66/66 MP: 10/27
 13323 | D:10     | Noticed a two-headed ogre
 13331 | D:10     | Killed a two-headed ogre
 13889 | D:10     | Reached ***** piety under Vehumet
 14008 | D:10     | Offered knowledge of Lee's Rapid Deconstruction by Vehumet.
 14332 | D:10     | Noticed nht's ghost (journeyman BaBe)
 14434 | D:10     | Killed nht's ghost
 15001 | Lair:1   | Entered Level 1 of the Lair of Beasts
 15525 | Lair:1   | Got a faintly glowing long sword
 15526 | Lair:1   | Identified the cursed +0 long sword "Remmim" {drain, Stlth+} (You found it on level 1 of the Lair of Beasts)
 15577 | Lair:1   | Identified the Papyrus of Supportive Ice
 15693 | Lair:1   | Got a steaming rapier
 15694 | Lair:1   | Identified the +4 rapier "Quipt" {holy, rElec rC+ Stlth-} (You found it on level 1 of the Lair of Beasts)
 15828 | Lair:1   | Found a shimmering altar of Xom.
 16498 | Lair:2   | Found a staircase to the Swamp.
 17324 | Lair:3   | Reached skill level 1 in Shields
 17395 | Lair:3   | Reached skill level 10 in Fighting
 17633 | Lair:3   | Noticed Fannar
 17652 | Lair:3   | Killed Fannar
 17652 | Lair:3   | Reached XP level 12. HP: 77/77 MP: 15/28
 17979 | Lair:3   | Reached skill level 5 in Shields
 18035 | Lair:3   | Learned a level 5 spell: Fireball
 18172 | Lair:3   | Reached skill level 1 in Fire Magic
 18856 | Lair:3   | Noticed a seven-headed hydra
 18860 | Lair:3   | Killed a seven-headed hydra
 18933 | Lair:4   | Noticed a death yak
 18933 | Lair:4   | Noticed a death yak
 18933 | Lair:4   | Noticed a death yak
 18933 | Lair:4   | Noticed a death yak
 18933 | Lair:4   | Noticed a death yak
 18935 | Lair:4   | Noticed a death yak
 19380 | Lair:4   | Killed a death yak
 19380 | Lair:4   | Reached skill level 11 in Spellcasting
 19383 | Lair:4   | Killed a death yak
 19405 | Lair:3   | Killed a death yak
 19405 | Lair:3   | Offered knowledge of Poison Arrow by Vehumet.
 19413 | Lair:3   | Learned a level 6 spell: Poison Arrow
 19605 | Lair:4   | Killed a death yak
 19813 | Lair:4   | Reached skill level 5 in Fire Magic
 19816 | Lair:4   | Killed a death yak
 20088 | Lair:4   | Found a staircase to the Snake Pit.
 20268 | Lair:4   | Reached skill level 12 in Spellcasting
 20337 | Lair:4   | Reached XP level 13. HP: 82/82 MP: 25/31
 20658 | Lair:5   | Found a staircase to the Slime Pits.
 20659 | Lair:5   | Found a viscous altar of Jiyva.
 21665 | Lair:6   | Entered Level 6 of the Lair of Beasts
 21998 | Lair:6   | Reached skill level 1 in Poison Magic
 22019 | Lair:6   | Noticed tsouns's ghost (journeyman FeFE)
 22033 | Lair:6   | Killed tsouns's ghost
 22173 | Lair:6   | Reached skill level 13 in Spellcasting
 22342 | Lair:6   | Offered knowledge of Bolt of Magma by Vehumet.
 22519 | Lair:5   | Learned a level 5 spell: Bolt of Magma
 24063 | Lair:6   | Reached skill level 14 in Spellcasting
 24078 | Lair:6   | Reached skill level 5 in Poison Magic
 24261 | Lair:6   | Reached XP level 14. HP: 54/88 MP: 33/34
 24942 | Orc:1    | Entered Level 1 of the Orcish Mines
 25102 | Orc:1    | Noticed an orc warlord
 25298 | Orc:1    | Killed an orc warlord
 25302 | Orc:1    | Paralysed by an orc sorcerer for 6 turns
 25854 | Orc:2    | Entered Level 2 of the Orcish Mines
 26093 | Orc:2    | Offered knowledge of Conjure Ball Lightning by Vehumet.
 26315 | Orc:1    | Noticed an orc warlord
 26337 | Orc:2    | Killed an orc warlord
 26337 | Orc:2    | Reached skill level 15 in Spellcasting
 26871 | Orc:2    | Found Daecifyxt's Weapon Emporium.
 26886 | Orc:2    | Found Xif Tupa's Armour Shoppe.
 26985 | Orc:2    | Found a roughly hewn altar of Beogh.
 27858 | Orc:2    | Noticed Josephine
 27866 | Orc:2    | Killed Josephine
 28086 | Orc:2    | Found a staircase to the Elven Halls.
 28150 | Orc:2    | Reached skill level 15 in Conjurations
 28912 | Orc:2    | Noticed an orc warlord
 28952 | Orc:2    | Killed an orc warlord
 29272 | Orc:2    | Found Logafoph's Weapon Shop.
 29333 | Orc:2    | Offered knowledge of Ozocubu's Refrigeration by Vehumet.
 29440 | Orc:2    | Reached skill level 16 in Spellcasting
 29446 | Orc:2    | Found Guopt's Antique Armour Emporium.
 29549 | Orc:2    | Found a roughly hewn altar of Beogh.
 29817 | Orc:2    | Bought an embroidered hat for 260 gold pieces
 29817 | Orc:2    | Bought an embroidered robe for 174 gold pieces
 29847 | Orc:2    | Bought a crude leather armour for 182 gold pieces
 29872 | Orc:2    | Identified the cursed +0 leather armour "Voster" {Stlth+} (You bought it in a shop on level 2 of the Orcish Mines)
 30077 | D:10     | Reached XP level 15. HP: 87/92 MP: 37/37
 30121 | D:10     | Shot with an arrow by a centaur warrior

Vault maps used:
D:1:      dpeg_arrival_rooms_with_view
D:2:      uniq_iyjb
D:3:      marbit_many_paths, lemuel_tele_altar
D:4:      nicolae_overflow_hidden_temple, first_bread, st_stairs_1,
          uniq_duvessa, uniq_edmund
D:5:      kennysheep_vampire_church, serial_shops, shop, hangedman_glass_teeth
D:7:      kennysheep_orc_sif_temple, uniq_joseph
D:8:      nicolae_overflow_crystal_walls, erik_lair_orcish_takeover,
          enter_ossuary_2, basic_altar, serial_shops, shop
D:9:      david_orc_5
D:10:     cheibrodos_elevator_heist, hangedman_pestilent_swarm,
          minmay_stone_trees_small
Temple:   eino_temple_rhombus
Lair:1:   kb_xom_exploding_sheep
Lair:2:   swamp_mist, grunt_megastairs_4
Lair:3:   serial_bayou_shore_a, grunt_megastairs_5, uniq_fannar
Lair:4:   minmay_snake_entry_guardpost_small, minmay_lair_oklob_chamber
Lair:5:   slime_altar_1
Lair:6:   grunt_lair_end_beastmaster
Orc:2:    pubby_orc_utopia, serial_shops, uniq_josephine
Ossuary:  ossuary_tomb_2

Skill      XL: |  1  2  3  4  5  6  7  8  9 10 11 12 13 14 |
---------------+-------------------------------------------+-----
Spellcasting   | 4 5 6 7 8 10 12 14 16 | 16.1
Conjurations   | 5 6 7 8 10 11 12 13 15 | 15.4
Charms         | 3 4 |  4.5
Fighting       | 3 6 10 | 10.0
Dodging        | 6 10 | 10.8
Shields        | 3 5 |  5.0
Fire Magic     | 5 7 |  7.0
Poison Magic   | 5 9 |  9.0
Stealth        | |  2.4

Action                   |  1- 3 |  4- 6 |  7- 9 | 10-12 | 13-15 || total
-------------------------+-------+-------+-------+-------+-------++-------
Melee: Dagger            |       |     1 |     1 |       |       ||     2
       Staff             |       |       |       |       |     2 ||     2
 Cast: Magic Dart        |    58 |    44 |   178 |   357 |   233 ||   870
       Searing Ray       |     1 |    12 |     9 |    22 |       ||    44
       Iskenderun's Myst |       |     1 |    21 |    85 |    74 ||   181
       Iskenderun's Batt |       |       |    40 |   112 |    90 ||   242
       Fireball          |       |       |       |    36 |    78 ||   114
       Poison Arrow      |       |       |       |       |    66 ||    66
       Bolt of Magma     |       |       |       |       |    43 ||    43
Evoke: Wand              |       |       |       |     3 |       ||     3
  Use: Scroll            |       |       |       |    20 |     3 ||    23
 Stab: Sleeping          |       |       |     1 |       |       ||     1
  Eat: Chunk             |     2 |     6 |    43 |    54 |    40 ||   145
       Royal jelly       |       |       |     1 |       |       ||     1
Armor: Robe              |     1 |     1 |    14 |    18 |     3 ||    37
       Leather armour    |       |       |       |       |    18 ||    18
Dodge: Dodged            |     6 |    11 |    23 |    95 |   118 ||   253
Block: Other             |       |     3 |     4 |       |       ||     7
       Reflection        |       |       |     1 |       |       ||     1
       Buckler           |       |       |       |    13 |    48 ||    61
